 Dungeon Crawl Stone Soup version 0.19.5 (webtiles) character file.

245 Therein the Twirler (level 5, -13/38 HPs)
             Began as a Demonspawn Gladiator on Apr 15, 2017.
             Killed from afar by a gnoll (25 damage)
             ... with a wand of lightning
             ... on level 4 of the Dungeon.
             The game lasted 00:06:54 (2524 turns).

Therein the Twirler (Demonspawn Gladiator)          Turns: 2524, Time: 00:06:55

Health: -13/38     AC: 12    Str: 17    XL:     5   Next: 84%
Magic:  5/5        EV:  7    Int:  9    God:
Gold:   156        SH:  0    Dex: 13    Spells: 0 memorised, 4 levels left

rFire  . . .     SeeInvis .     a - +1 quarterstaff
rCold  . . .     Gourm    .     e - +0 plate armour
rNeg   + . .     Faith    .     (shield currently unavailable)
rPois  .         Spirit   .     c - +1 helmet
rElec  .         Reflect  .     (no cloak)
rCorr  .         Harm     .     (no gloves)
MR     .....                    (no boots)
Stlth  ..........               (no amulet)
                                (no ring)
                                q - ring of positive energy

@: no status effects
A: talons 2, nightstalker 1, sturdy frame 1
a: no special abilities


You were on level 4 of the Dungeon.
You were not hungry.

You visited 1 branch of the dungeon, and saw 4 of its levels.

You collected 156 gold pieces.

Inventory:

Hand Weapons
 a - a +1 quarterstaff (weapon)
Missiles
 v - 2 throwing nets (quivered)
Armour
 c - a +1 helmet (worn)
 e - a +0 plate armour (worn)
Jewellery
 q - a ring of positive energy (left hand)
Wands
 k - a wand of iceblast (6/15)
 o - a wand of flame (9/48)
Scrolls
 i - a scroll of magic mapping
 m - a scroll of enchant weapon
Potions
 b - 2 potions of lignification
 d - a potion of mutation {unknown}
 j - a potion of haste
 l - a potion of flight {unknown}
 r - a potion of might {unknown}
 s - a potion of brilliance {unknown}
 t - a potion of curing {unknown}
Books
 u - a book of Maledictions

   Spells                             Type                      Level
   a - Corona                         Hexes                        1
   b - Ensorcelled Hibernation        Hexes/Ice                    2
   c - Confuse                        Hexes                        3
   d - Tukima's Dance                 Hexes                        3
   e - Dazzling Spray                 Conjuration/Hexes            3
Comestibles
 f - 3 bread rations
 h - a meat ration
 n - 2 slices of pizza


   Skills:
 - Level 2.0 Fighting
 + Level 6.0 Staves
 - Level 1.7 Throwing
 - Level 2.6 Dodging


You had 4 spell levels left.
You didn't know any spells.

Dungeon Overview and Level Annotations

Branches:
Dungeon (4/15)
 Temple: D:4-7

Altars:
Elyvilon
Zin
The Shining One


Innate Abilities, Weirdness & Mutations

You have razor-sharp toenails.
You are slightly more attuned to the shadows.
Your movements are slightly less encumbered by armour. (ER -2)


Message History

You start resting.
Some of the chunks of flesh in your inventory have rotted away.
All of the chunks of flesh in your inventory have rotted away.
HP restored.
Things that are here:
a giant club; an ogre skeleton
v - 2 throwing nets A gnoll comes into view.
It is wielding a flail of protection.
The gnoll shouts!
You hear a shout!
The gnoll zaps a wand.
The bolt of lightning hits you!
It is a wand of lightning.
A gnoll comes into view. It is wielding a club.
The gnoll zaps a wand.
The bolt of lightning hits you!
The gnoll throws a stone.
The stone hits you but does no damage.
You see here a stone.
The gnoll zaps a wand.
The bolt of lightning hits you!
* * * LOW HITPOINT WARNING * * *
The gnoll zaps a wand.
The bolt of lightning hits you!
Ouch! That really hurt!
You die...

g#####.### #.# #. ......g..# #.#
#. .......#.# #.# #.# #.
######(#.# #.# #.# #. #.#.# #.#
#####.# #. #######.#.### #.#
#>..#.######. ............# #.#
#........)...
#######.#g#.###.####.>.#.#######
#.#......@......##.#
#.###.###.########.# #.....#
#....... ..# ####### ########
###


You could see a gnoll.

Vanquished Creatures
  An ogre (D:4)
  Jessica (D:3)
  5 adders
  2 oozes
  3 worms
  A leopard gecko (D:4)
  2 orcs (D:3)
  2 giant cockroaches
  13 goblins
  17 hobgoblins
  A quokka (D:3)
  8 bats
  7 frilled lizards
  6 kobolds
  7 rats
76 creatures vanquished.

Notes
Turn   | Place    | Note
-------+----------+-------------------------------------------
     0 | D:1      | Therein the Demonspawn Gladiator began the quest for the Orb.
     0 | D:1      | Reached XP level 1. HP: 16/16 MP: 1/1
   145 | D:1      | Reached skill level 3 in Staves
   154 | D:1      | Gained mutation: You have sharp toenails. [demonic ancestry]
   154 | D:1      | Reached XP level 2. HP: 22/22 MP: 2/2
   922 | D:1      | Gained mutation: You have razor-sharp toenails. [demonic ancestry]
   922 | D:1      | Reached XP level 3. HP: 25/27 MP: 3/3
  1247 | D:2      | Reached skill level 4 in Staves
  1505 | D:2      | Gained mutation: You are slightly more attuned to the shadows. [demonic ancestry]
  1505 | D:2      | Reached XP level 4. HP: 31/33 MP: 4/4
  1686 | D:3      | Found a white marble altar of Elyvilon.
  1686 | D:3      | Found a glowing silver altar of Zin.
  1686 | D:3      | Found a glowing golden altar of the Shining One.
  1943 | D:3      | Noticed Jessica
  1955 | D:3      | Killed Jessica
  1955 | D:3      | Reached skill level 5 in Staves
  1957 | D:3      | Gained mutation: Your movements are slightly less encumbered by armour. (ER -2) [demonic ancestry]
  1957 | D:3      | Reached XP level 5. HP: 32/38 MP: 5/5
  2255 | D:4      | Noticed an ogre
  2266 | D:4      | Killed an ogre
  2266 | D:4      | Reached skill level 6 in Staves
  2524 | D:4      | Killed from afar by a gnoll

Skill      XL: |  1  2  3  4  5 |
---------------+----------------+-----
Staves         | 3 4 5 6 |  6.0
Fighting       | |  2.0
Throwing       | |  1.7
Dodging        | |  2.6

Action                   |  1- 3 |  4- 6 || total
-------------------------+-------+-------++-------
Melee: Quarterstaff      |   128 |    83 ||   211
       Kick              |    19 |    19 ||    38
Throw: Throwing net      |     1 |     7 ||     8
Evoke: Wand              |       |     4 ||     4
  Use: Scroll            |     5 |     4 ||     9
 Stab: Held in net/web   |     1 |     1 ||     2
  Eat: Chunk             |     2 |     3 ||     5
Armor: Leather armour    |    29 |       ||    29
       Plate armour      |    23 |    57 ||    80
Dodge: Dodged            |    69 |    24 ||    93
